 Dungeon Crawl Stone Soup version 0.31-a0-705-ga145531891 (webtiles) character file.

Game seed: 16542169711002793083

7 Bravepunisher the Ducker (level 1, -2/11 HPs)
             Began as a Spriggan Monk on Sept 9, 2023.
             Killed by nerve-wracking pain
             ... invoked by Menkaure
              (13 damage)
             ... on level 4 of the Dungeon.
             The game lasted 00:00:50 (261 turns).

Bravepunisher the Ducker (Spriggan Monk)             Turns: 261, Time: 00:00:51

Health: -2/11      AC:  2    Str:  7    XL:     1   Next: 91%
Magic:  2/2        EV: 34    Int: 11    God:
Gold:   31         SH:  0    Dex: 17    Spells: 0/0 levels left

rFire   . . .        a - +0 short sword
rCold   . . .        d - orb {light}
rNeg    . . .        b - +0 robe
rPois   .            (helmet restricted)
rElec   .            (no cloak)
rCorr   .            (gloves unavailable)
SInv    +            (boots unavailable)
Will    .....        e - amulet of the acrobat
Stlth   +            (no ring)
HPRegen 0.21/turn    (no ring)
MPRegen 0.08/turn

%: acrobat
@: acrobatic, glowing, very quick
A: very small, no large weapons, unfitting armour, see invisible, speed 3
a: no special abilities


You were on level 4 of the Dungeon.
You visited 1 branch of the dungeon, and saw 4 of its levels.

You collected 31 gold pieces.

Inventory:

Hand Weapons
 a - a +0 short sword (weapon)
Armour
 b - a +0 robe (worn)
 d - an orb of light (worn)
Jewellery
 e - an amulet of the acrobat (around neck)
Potions
 c - a potion of ambrosia


   Skills:
 + Level 2.5 Fighting
 - Level 3.2 Short Blades
 * Level 4.5 Dodging


You couldn't memorise any spells.
You didn't know any spells.
Your spell library was empty.

Dungeon Overview and Level Annotations

Branches:
Dungeon (4/15)
 Temple: D:4-7

Altars:

Annotations:
D:4 Menkaure


Innate Abilities, Weirdness & Mutations

You are very small and have problems with some larger weapons.
You are too small for most types of armour.
You have supernaturally acute eyesight. (SInv)
You cover ground extremely quickly. (Speed+++)


Message History

The bat hits you but does no damage.
You hit the bat.
You kill the bat!
You see here a bat corpse.
You now have 31 gold pieces (gained 5).
A kobold comes into view. It is wielding a +0 dagger.
Found a stone staircase leading down.
The kobold shouts!
A kobold is nearby!
The kobold throws a stone.
The stone completely misses you.
The kobold throws a stone.
The stone barely misses you.
The kobold throws a stone.
The stone barely misses you.
You hit the kobold but do no damage. The kobold completely misses you.
You hit the kobold but do no damage. The kobold barely misses you.
You barely miss the kobold. The kobold completely misses you.
You barely miss the kobold. The kobold completely misses you.
You hit the kobold but do no damage. The kobold barely misses you.
You completely miss the kobold. You hit the kobold.
You kill the kobold!
Things that are here:
a +0 dagger; 5 stones; a kobold corpse
e - an amulet of the acrobat You start putting on your amulet.
You continue putting on your amulet of the acrobat. x5
You finish putting on your amulet of the acrobat.
You feel ready to tumble and roll out of harm's way.
e - an amulet of the acrobat (around neck)
There is a stone staircase leading down here.
You climb downwards.
You hear the sound of rushing water.
There is an entrance to a sewer on this level.
Hurry and find it before the portal rusts away!
Found 7 gold pieces.
Found a stone staircase leading up.
There is a stone staircase leading up here.
Menkaure, Prince of Dust comes into view.
You see here 7 gold pieces.
Menkaure casts a spell at you. Pain shoots through your body!
Ouch! That really hurt!
You die...

######## #...<..#
#......# ##
#......#####
.####.<........###
.................#
#..........$.M##.###.#
#######.#####...@....#
#.# ######..## ###
.... ##.. #


You could see Menkaure.

Vanquished Creatures
  A bat (D:3)
  An endoplasm (D:1)
  2 goblins (D:1)
  2 kobolds
  A rat (D:2)
7 creatures vanquished.

Notes
Turn   | Place    | Note
-------+----------+-------------------------------------------
     0 | D:1      | Bravepunisher the Spriggan Monk began the quest for the
                  | Orb.
     0 | D:1      | Reached XP level 1. HP: 11/11 MP: 2/2
   254 | D:4      | Noticed Menkaure
   261 | D:4      | Killed from afar by Menkaure

Illustrated notes

Levels and vault maps discovered:
D:1:      dpeg_arrival_arbitrary_c, layout_loops_cross, serial_shops,
          nicolae_lakefront_shop, nicolae_book_shop_shelving, shop,
          nicolae_shop_tiny_waterfront
D:2:      minmay_wonky_spiral, layout_basic, kennysheep_potato, uniq_jessica
D:3:      layout_loops_cross, minmay_crystal_room, minmay_misc_feat_tiny,
          minmay_between
D:4:      layout_rooms, gup_sewer_entry_spiral, serial_shops,
          nicolae_shop_tiny_glass, nicolae_square_shop, uniq_menkaure,
          uniq_natasha

Action                     || total
---------------------------++-------
  Melee: Short sword       ||    18
 Armour: Robe              ||     3
  Dodge: Dodged            ||    12

Table legend: (Time is in decaauts)
 A = Elapsed time spent in this place.
 B = Non-inter-level travel time spent in this place.
 C = Inter-level travel time spent in this place.
 D = Time resting spent in this place.
 E = Time spent auto-exploring this place.
 F = Levels seen in this place.
 G = Mean time per level.
                   A        B        C        D        E       F      G
               +--------+--------+--------+--------+--------+-----+--------+
         Total |    173 |    173 |      0 |      0 |     92 |   4 |   43.2 |
       Dungeon |    173 |    173 |      0 |      0 |     92 |   4 |   43.2 |
               +--------+--------+--------+--------+--------+-----+--------+

Top non-repeatable levels by time:
     D:1: 77 daAuts
     D:3: 61 daAuts
     D:4: 22 daAuts
     D:2: 11 daAuts
